 Dungeon Crawl Stone Soup version 0.19-a0-1670-gc28a5d9 (webtiles) character file.

49 Kronon the Skirmisher (level 3, -2/30 HPs)
             Began as a Demonspawn Wanderer on Sept 21, 2016.
             Slain by a worm (8 damage)
             ... on level 2 of the Dungeon.
             The game lasted 00:03:56 (1249 turns).

Kronon the Skirmisher (Demonspawn Wanderer)         Turns: 1249, Time: 00:03:57

Health: -2/30      AC:  3    Str: 14    XL:     3   Next: 53%
Magic:  3/3        EV: 12    Int: 13    God:
Gold:   62         SH:  4    Dex: 11    Spells: 0 memorised, 2 levels left

rFire  . . .     SeeInvis .     a - +2 mace
rCold  . . .     Gourm    .     d - +0 robe
rNeg   + . .     Faith    .     l - +0 buckler
rPois  .         Spirit   .     (no helmet)
rElec  .         Dismiss  .     (no cloak)
rCorr  .         Reflect  .     p - +0 pair of gloves
MR     .....     Harm     +     (no boots)
Stlth  +.........               h - amulet of harm
                                s - ring of flight
                                k - ring of positive energy

@: no status effects
A: sturdy frame 1
a: Evoke Flight


You were on level 2 of the Dungeon.
You were not hungry.

You visited 1 branch of the dungeon, and saw 2 of its levels.

You collected 62 gold pieces.

Inventory:

Hand Weapons
 a - a +2 mace (weapon)
 b - a +0 hand axe
Armour
 d - a +0 robe (worn)
 l - a +0 buckler (worn)
 p - a +0 pair of gloves (worn)
Jewellery
 h - an amulet of harm (around neck)
 k - a ring of positive energy (left hand)
 s - a ring of flight (right hand)
Scrolls
 c - a scroll of fear {unknown}
 g - a scroll of enchant armour {unknown}
 i - a scroll of enchant weapon {unknown}
 m - a scroll of magic mapping {unknown}
 n - a scroll of identify {unknown}
 q - a scroll of noise {unknown}
Potions
 e - 2 potions of heal wounds {unknown}
 r - a potion of curing {unknown}
Comestibles
 f - 4 bread rations
 j - a meat ration
 o - 7 chunks of flesh


   Skills:
 - Level 4.0 Fighting
 - Level 1.0 Maces & Flails
 - Level 2.6 Armour
 - Level 2.2 Dodging
 + Level 2.0 Shields
 - Level 1.0 Evocations


You had 2 spell levels left.
You didn't know any spells.

Dungeon Overview and Level Annotations

Branches:
Dungeon (2/15)

Altars:


Innate Abilities, Weirdness & Mutations

Your movements are slightly less encumbered by armour. (ER -2)


Message History

Found a glowing ring mail.
An adder and a jackal come into view.
A jackal comes into view.
Found a helmet.
You hit the worm.
The worm is lightly wounded.
The worm bites you.
You hit the worm.
The worm is lightly wounded.
You hit the worm.
The worm is lightly wounded.
The worm bites you!
Your shield prevents you from hitting the worm.
The worm is lightly wounded.
The worm bites you!
* * * LOW HITPOINT WARNING * * *
You sock the worm!
The worm is heavily wounded.
The worm bites you!
You die...

#......#.####..#.#
#.#...##.# #.##.#
#.#.#...# #.##.#
#.#[#.### #.##.#
#####.#.#.#######.##.#
.[................##.#
S.....>....#...#####.#
..###.#.#.#.....####.#
# #.......w@...#.#
#...###.....##.#.#
##..# ##...###.#.#
#..#
##.####.#.###########
#..h
..............<......
#...
....##.#...###########
#h.####.........# #.[
#....##..## ..... #..#


You could see a worm.

Vanquished Creatures
  A gnoll (D:1)
  An adder (D:2)
  A dart slug (D:2)
  A ball python (D:1)
  3 giant cockroaches
  3 goblins
  A hobgoblin (D:2)
  3 jackals
  3 bats
  A frilled lizard (D:1)
  6 kobolds
  6 rats
30 creatures vanquished.

Notes
Turn   | Place    | Note
-------+----------+-------------------------------------------
     0 | D:1      | Kronon the Demonspawn Wanderer began the quest for the Orb.
     0 | D:1      | Kronon set off with: a +2 mace, a +0 hand axe, a potion of lignification, a +0 robe, a bread ration
     0 | D:1      | Reached XP level 1. HP: 19/19 MP: 1/1
    59 | D:1      | Reached skill level 1 in Dodging
    59 | D:1      | Gained mutation: Your movements are slightly less encumbered by armour. (ER -2) [demonic ancestry]
    59 | D:1      | Reached XP level 2. HP: 5/25 MP: 2/2
   844 | D:2      | Reached XP level 3. HP: 29/30 MP: 3/3
  1249 | D:2      | Slain by a worm

Vault maps used:
D:1:      saegor_arrival_simple_e, minmay_split_cup_small
D:2:      uniq_robin

Skill      XL: |  1  2  3 |
---------------+----------+-----
Dodging        | 1 2 |  2.2
Shields        | 2 |  2.0
Fighting       | |  4.0
Maces & Flails | |  1.0
Armour         | |  2.6
Evocations     | |  1.0

Action                   || total
-------------------------++-------
Melee: Mace              ||    87
  Use: Potion            ||     1
  Eat: Chunk             ||     1
Armor: Skin              ||     7
       Robe              ||    17
Dodge: Dodged            ||    50
Block: Buckler           ||    13
